 Dungeon Crawl Stone Soup version 0.29-a0-810-g3812dd5c9c (webtiles) character file.

Game seed: 6736233000496989796

13 Morbidden the Conjurer (level 2, 0/19 HPs)
             Began as a Demonspawn Conjurer on July 4, 2022.
             Slain by a frilled lizard (2 damage)
             ... on level 1 of the Dungeon.
             The game lasted 00:00:28 (374 turns).

Morbidden the Conjurer (Demonspawn Conjurer)         Turns: 374, Time: 00:00:29

Health: 0/19       AC:  2    Str:  7    XL:     2   Next: 24%
Magic:  2/5        EV: 12    Int: 19    God:
Gold:   0          SH:  0    Dex: 11    Spells: 4/5 levels left

rFire   . . .      SeeInvis .   (no weapon)
rCold   . . .      Faith    .   (no shield)
rNeg    . . .      Spirit   .   a - +0 robe
rPois   .          Reflect  .   (no helmet)
rElec   .          Harm     .   (no cloak)
rCorr   .          Rampage  .   (no gloves)
Will    .....                   (no boots)
Stlth   ++........              (no amulet)
HPRegen 0.06/turn               (no ring)
MPRegen 0.09/turn               (no ring)

@: no status effects
A: claws 1
a: no special abilities


You were on level 1 of the Dungeon.
You visited 1 branch of the dungeon, and saw 1 of its levels.

Inventory:

Armour
 a - a +0 robe (worn)
Scrolls
 c - a scroll of immolation {unknown}
 d - a scroll of fog {unknown}
Potions
 b - a potion of magic


   Skills:
 * Level 1.8 Dodging
 + Level 1.8 Stealth
 * Level 2.0 Spellcasting
 * Level 4.5 Conjurations


You had 4 spell levels left.
You knew the following spells:

 Your Spells              Type           Power      Damage    Failure   Level
a - Magic Dart            Conj           76%        1d6       2%          1

Your spell library contained the following spells:

 Spells                   Type           Power      Damage    Failure   Level
 Searing Ray              Conj           38%        2d5       4%          2
 Dazzling Flash           Conj/Hex       20%        N/A       21%         3
 Fulminant Prism          Conj/Hex       5%         3d7       54%         4
 Iskenderun's Mystic Bla  Conj/Tloc      10%        2d4       54%         4


Dungeon Overview and Level Annotations

Branches:
Dungeon (1/15)

Altars:


Innate Abilities, Weirdness & Mutations

You have sharp fingernails.


Message History

You scratch the hobgoblin.
The hobgoblin is almost dead.
The hobgoblin closely misses you.
A kobold comes into view. It is wielding a +2 dagger of speed.
You closely miss the hobgoblin.
The hobgoblin is almost dead.
The goblin hits you with a +0 club. The hobgoblin barely misses you.
You closely miss the hobgoblin.
The hobgoblin is almost dead.
The goblin hits you with a +0 club. The hobgoblin hits you.
The kobold shouts!
You scratch the hobgoblin.
You kill the hobgoblin!
The goblin misses you.
You scratch the goblin.
The goblin is severely wounded.
The goblin barely misses you. The rat barely misses you.
You closely miss the goblin.
The goblin is severely wounded.
The goblin barely misses you. The rat barely misses you.
You scratch the goblin.
You kill the goblin!
The rat bites you but does no damage.
You scratch the rat.
The rat is moderately wounded.
The frilled lizard bites you.
You barely miss the rat.
The rat is moderately wounded.
The gnoll hits you from afar with a +0 spear.
* * * LOW HITPOINT WARNING * * *
The rat twitches its whiskers.
The rat bites you but does no damage. The rat bites you.
* * * LOW HITPOINT WARNING * * *
The frilled lizard closely misses you. The rat bites you but does no damage.
The frilled lizard attacks as you move away!
The frilled lizard bites you but does no damage.
The frilled lizard attacks as you move away!
The frilled lizard bites you.
You die...

...#### # #.....# .#
#.....# ..# #.....#
.... ####.....# ...#
........## ###†..#
#..†)..###K†).##.
#.....@rrg.).....#
#......l....#..###
##...........?.##
#.......##..##....
#....###.#.#.......##
..### #.#.#.##$.....
.#######.#......#####
..........## ##
..######.######


You could see a gnoll, a kobold, a frilled lizard and 2 rats.

Vanquished Creatures
  2 endoplasms (D:1)
  2 goblins (D:1)
  2 hobgoblins (D:1)
  A kobold (D:1)
  A quokka (D:1)
  2 ball pythons (D:1)
  A rat (D:1)
11 creatures vanquished.

Notes
Turn   | Place    | Note
-------+----------+-------------------------------------------
     0 | D:1      | Morbidden the Demonspawn Conjurer began the quest for the
                  | Orb.
     0 | D:1      | Reached XP level 1. HP: 13/13 MP: 3/3
   348 | D:1      | Gained mutation: You have sharp fingernails. [demonic
                  | ancestry]
   348 | D:1      | Reached XP level 2. HP: 19/19 MP: 3/5
   374 | D:1      | Slain by a frilled lizard

Illustrated notes

Levels and vault maps discovered:
D:1:      dpeg_arrival_water_fire, layout_rooms,
          hellmonk_ecumenical_altar_watching_god, corexii_leaking_fountain

Action                   || total
-------------------------++-------
Melee: Unarmed           ||    21
 Cast: Magic Dart        ||    14
Armor: Robe              ||     5
Dodge: Dodged            ||    13

Table legend: (Time is in decaauts)
 A = Elapsed time spent in this place.
 B = Non-inter-level travel time spent in this place.
 C = Inter-level travel time spent in this place.
 D = Time resting spent in this place.
 E = Time spent auto-exploring this place.
 F = Levels seen in this place.
 G = Mean time per level.
                   A        B        C        D        E       F      G
               +--------+--------+--------+--------+--------+-----+--------+
         Total |    374 |    374 |      0 |      0 |    311 |   1 |  374.0 |
       Dungeon |    374 |    374 |      0 |      0 |    311 |   1 |  374.0 |
               +--------+--------+--------+--------+--------+-----+--------+

Top non-repeatable levels by time:
     D:1: 374 daAuts
